 Dungeon Crawl Stone Soup version 0.31-a0-960-g0fca184906 (webtiles) character file.

Game seed: 5133480040453770841

1229 felon88 the Cleaver (level 8, 0/71 HPs)
             Began as a Minotaur Berserker on Oct 22, 2023.
             Was a Priest of Trog.
             Slain by a gnoll
             ... wielding a +0 club
             ... led by a gnoll bouda
              (1 damage)
             ... on level 6 of the Dungeon.
             The game lasted 00:26:49 (2110 turns).

felon88 the Cleaver (Minotaur Berserker)            Turns: 2110, Time: 00:26:50

Health: 0/71       AC: 10    Str: 24    XL:     8   Next: 24%
Magic:  7/7        EV:  9    Int:  4    God:    Trog [***...]
Gold:   37         SH:  5    Dex: 10    Spells: 7/7 levels left

rFire   . . .        r - +0 hand axe (vamp)
rCold   . . .        (no shield)
rNeg    . . .        h - +0 chain mail
rPois   .            (helmet restricted)
rElec   .            (no cloak)
rCorr   .            (no gloves)
SInv    .            (no boots)
Will    ++...        s - amulet of reflection Stlth
                     (no ring)
HPRegen 1.31/turn    (no ring)
MPRegen 0.10/turn

%: reflection
@: weakened, strong-willed (expiring), on berserk cooldown, regenerating
(expiring), slowed, very slow
A: horns 2, retaliatory headbutt
a: Renounce Religion, Berserk, Trog's Hand


You were on level 6 of the Dungeon.
You worshipped Trog.
Trog was most pleased with you.
You visited 1 branch of the dungeon, and saw 6 of its levels.

You collected 142 gold pieces.
You spent 105 gold pieces at shops.

Inventory:

Hand Weapons
 a - a +0 hand axe
 i - a +0 sling
 j - a +0 flail
 k - a +0 halberd
 p - a +0 scythe
 q - a +3 short sword
 r - a +0 vampiric hand axe (weapon)
 y - a +2 halberd of venom
Missiles
 c - 4 poisoned darts
Armour
 b - a +0 animal skin
 d - a +0 ring mail
 f - a +0 leather armour
 h - a +0 chain mail (worn)
Jewellery
 s - an amulet of reflection (around neck)
 v - a ring of fire
Scrolls
 l - 2 scrolls of identify {unknown}
 m - a scroll of vulnerability {unknown}
 n - a scroll of enchant weapon
 o - a scroll of poison {unknown}
 u - a scroll of torment {unknown}
 w - a scroll of revelation {unknown}
 x - a scroll of teleportation {unknown}
Potions
 e - a potion of attraction {unknown}
 g - 3 potions of mutation {unknown}
 t - 2 potions of heal wounds {unknown}


   Skills:
 + Level 6.6 Fighting
 * Level 8.6(8.8) Axes
 - Level 2.6(6.0) Polearms
 + Level 5.6 Armour
 + Level 3.7 Dodging
 + Level 0.1 Stealth
 + Level 0.8 Shields


You had 7 spell levels left.
You didn't know any spells.
Your spell library was empty.

Dungeon Overview and Level Annotations

Branches:
Dungeon (6/15)             Temple (0/1) D:4

Altars:

Shops:
D:3 *   D:5 *


Innate Abilities, Weirdness & Mutations

You have a pair of horns on your head.
You reflexively headbutt those who attack you in melee.


Message History

The gnoll bouda barks out a call to the hunt!
The gnolls pick up the pace!
You hit the phantom.
The phantom is severely damaged.
You hit the gnoll but do no damage.
The gnoll hits you from afar with a +0 halberd.
* * * LOW HITPOINT WARNING * * *
You block the gnoll's attack.
The phantom hits you but does no damage.
Your skin crawls.
You feel strong-willed. The gnoll barely misses you.
You block the gnoll's attack.
The gnoll bouda calls upon its god to heal the gnoll.
The gnoll's wounds heal themselves!
The phantom hits you.
* * * LOW HITPOINT WARNING * * *
The gnoll hits you but does no damage.
You slash the gnoll!
The gnoll is heavily wounded.
You hit the phantom.
The gnoll bouda gazes fiercely through you!
You feel as though you will be weak longer.
The phantom hits you but does no damage.
You block the gnoll's attack.
The gnoll hits you from afar with a +0 halberd!
* * * LOW HITPOINT WARNING * * *
The phantom hits you.
* * * LOW HITPOINT WARNING * * *
The gnoll bouda hits you but does no damage.
You hit the gnoll bouda.
You feel better.
You headbutt the gnoll bouda.
The gnoll bouda is heavily wounded.
You hit the phantom. You hit the gnoll.
You feel the effects of Trog's Hand fading.
The gnoll hits you with a +0 club.
* * * LOW HITPOINT WARNING * * *
The gnoll hits you from afar with a +0 halberd!
* * * LOW HITPOINT WARNING * * *
You block the gnoll bouda's attack.
The phantom hits you but does no damage.
The gnoll hits you with a +0 club.
You die...

#. #.# #.# #.#
##.## ##...##
#..g..#####
#..g..)...#
#..@g.###.#
##..W####.# .
########.##.###....
#.....<............
#.####.............
#.# ##...#.##.....
#.# ##..#.# #....
#.# ......# ....
#<# .###.### #..


You could see a phantom, a gnoll bouda and 2 gnolls.

Vanquished Creatures
  Sigmund (D:4)
  A black bear (D:5)
  The ghost of Pi314 the Chopper, an amateur HOFi (D:3)
  An ogre (D:5)
  2 phantoms
  Blork the orc (D:4)
  3 scorpions (D:5)
  A howler monkey (D:4)
  2 jellies
  2 orc priests
  13 gnolls
  4 adders
  A shadow imp (D:4)
  2 worms
  2 dart slugs
  11 orcs
  3 ball pythons
  5 bats
  9 endoplasms
  2 giant cockroaches
  5 goblins
  4 hobgoblins
  6 jackals
  A quokka (D:3)
  4 frilled lizards
  6 kobolds
  4 rats
97 creatures vanquished.

Notes
Turn   | Place    | Note
-------+----------+-------------------------------------------
     0 | D:1      | felon88 the Minotaur Berserker began the quest for the Orb.
     0 | D:1      | Reached XP level 1. HP: 19/19 MP: 0/0
   105 | D:1      | Reached XP level 2. HP: 25/27 MP: 1/1
   108 | D:1      | Reached skill level 4 in Axes
   462 | D:2      | Reached ** piety under Trog
   463 | D:2      | Reached XP level 3. HP: 33/33 MP: 2/2
   604 | D:2      | Reached XP level 4. HP: 19/41 MP: 3/3
   699 | D:3      | Found Kiefofid's General Store.
   765 | D:3      | Found a runed translucent gate.
   765 | D:3      | Found a runed translucent gate.
   767 | D:3      | Found a runed translucent gate.
   773 | D:3      | Noticed Pi314's ghost (amateur HOFi)
   837 | D:3      | Reached skill level 5 in Axes
   843 | D:3      | Killed Pi314's ghost
   844 | D:3      | Reached XP level 5. HP: 20/47 MP: 4/4
   919 | D:3      | Bought a scroll of enchant weapon for 105 gold pieces
   983 | D:3      | Reached skill level 5 in Fighting
   992 | D:3      | Reached skill level 6 in Axes
  1175 | D:4      | Noticed Sigmund
  1186 | D:4      | Killed Sigmund
  1187 | D:4      | Reached XP level 6. HP: 56/56 MP: 5/5
  1203 | D:4      | Reached skill level 7 in Axes
  1222 | D:4      | Reached XP level 7. HP: 41/62 MP: 6/6
  1375 | D:4      | Noticed Blork the orc
  1388 | D:4      | Killed Blork the orc
  1389 | D:4      | Reached skill level 1 in Polearms
  1413 | D:4      | Found a staircase to the Ecumenical Temple.
  1445 | D:4      | Reached *** piety under Trog
  1494 | D:5      | Entered Level 5 of the Dungeon
  1523 | D:5      | Found Ronlamp's General Store.
  1572 | D:5      | Reached skill level 5 in Armour
  1575 | D:5      | Reached skill level 8 in Axes
  1575 | D:5      | Reached XP level 8. HP: 23/71 MP: 7/7
  2110 | D:6      | HP: 1/71 [gnoll/+0 halberd[a gnoll bouda] (9)]
  2110 | D:6      | Slain by a gnoll

Illustrated notes

Levels and vault maps discovered:
D:1:      dpeg_arrival_simpleton_a, layout_basic, serial_shops, shop,
          chequers_serial_rivers_micro_d
D:2:      layout_basic, uniq_crazy_yiuf_cottage
D:3:      layout_rooms, serial_shops, nicolae_diamond_shop,
          gammafunk_ghost_split
D:4:      layout_rooms, minmay_temple_entry_stoned_glass, uniq_sigmund,
          uniq_blork_the_orc
D:5:      layout_gridville, serial_shops, nicolae_shop_advertising_works
          [nicolae_subvault_shop_adworks]
D:6:      layout_loops_corners, lemuel_round_altar,
          chequers_serial_rivers_room_b

Skill      XL: |  1  2  3  4  5  6  7 |
---------------+----------------------+-----
Axes           | 4 5 6 7 8 |  8.6
Fighting       | 4 5 6 |  6.6
Armour         | 3 4 5 |  5.6
Dodging        | 3 |  3.7
Polearms       | 2 |  2.6
Stealth        | |  0.1
Shields        | |  0.8

Action                     |  1- 3 |  4- 6 |  7- 9 || total
---------------------------+-------+-------+-------++-------
  Melee: Hand axe          |    65 |    62 |    77 ||   204
         Headbutt          |     5 |    13 |    18 ||    36
         Halberd           |       |     9 |    39 ||    48
 Invoke: Berserk           |     1 |     2 |     3 ||     6
         Trog's Hand       |       |       |     1 ||     1
 Armour: Animal skin       |    12 |       |       ||    12
         Chain mail        |    21 |    54 |   110 ||   185
         Ring mail         |     3 |       |       ||     3
         Skin              |     2 |       |       ||     2
  Dodge: Dodged            |    47 |    43 |    72 ||   162
  Block: Other             |       |       |    20 ||    20

Table legend: (Time is in decaauts)
 A = Elapsed time spent in this place.
 B = Non-inter-level travel time spent in this place.
 C = Inter-level travel time spent in this place.
 D = Time resting spent in this place.
 E = Time spent auto-exploring this place.
 F = Levels seen in this place.
 G = Mean time per level.
                   A        B        C        D        E       F      G
               +--------+--------+--------+--------+--------+-----+--------+
         Total |   2159 |    731 |   1428 |      0 |      0 |   6 |  359.8 |
       Dungeon |   2159 |    731 |   1428 |      0 |      0 |   6 |  359.8 |
               +--------+--------+--------+--------+--------+-----+--------+

Top non-repeatable levels by time:
     D:5: 584 daAuts
     D:3: 444 daAuts
     D:1: 382 daAuts
     D:4: 381 daAuts
     D:2: 329 daAuts
     D:6: 36 daAuts
